 Dungeon Crawl Stone Soup version 0.17.1-1-g73c8601 (webtiles) character file.

196 Flanowski the Sneak (level 5, -2/27 HPs)
             Began as a Vine Stalker Assassin on Jan 1, 2016.
             Was an Initiate of Dithmenos.
             Killed by divine providence
             ... invoked by an orc priest
              (7 damage)
             ... on level 3 of the Dungeon.
             The game lasted 00:04:58 (1836 turns).

Flanowski the Sneak (Vine Stalker Assassin)         Turns: 1836, Time: 00:04:58

Health: -2/27      AC:  4    Str: 14    XL:     5   Next: 75%
Magic:  0/6        EV: 13    Int: 11    God:    Dithmenos [......]
Gold:   129        SH:  0    Dex: 16    Spells: 0 memorised, 4 levels left

rFire  . . .     SeeInvis .     a - +2 dagger
rCold  . . .     Clarity  .     c - +0 robe
rNeg   . . .     SustAt   .     (no shield)
rPois  .         Gourm    .     (no helmet)
rElec  .         Spirit   +     d - +0 cloak
rCorr  .         Warding  .     o - +0 pair of gloves
rMut   .         Stasis   .     (no boots)
MR     .....                    (no amulet)
Stlth  ++++......               (no ring)
                                (no ring)

@: not resistant to hostile enchantments, stealthy
A: fangs 2, regeneration 1, magic shield, antimagic bite, no device heal 3, rot
immunity
a: Renounce Religion


You were on level 3 of the Dungeon.
You worshipped Dithmenos.
Dithmenos was noncommittal.
You were not hungry.

You visited 2 branches of the dungeon, and saw 6 of its levels.

You collected 129 gold pieces.

Inventory:

Hand Weapons
 a - a +2 dagger (weapon)
 b - a +0 blowgun
Missiles
 e - 31 poisoned needles
 f - 2 curare-tipped needles
Armour
 c - a +0 robe (worn)
 d - a +0 cloak (worn)
 o - a +0 pair of gloves (worn)
Scrolls
 i - 3 scrolls of identify
 k - 2 scrolls of magic mapping {unknown}
 n - 2 scrolls of enchant armour {unknown}
 q - a scroll of noise {unknown}
 s - a scroll of remove curse
 u - a scroll of enchant weapon {unknown}
Potions
 h - 2 potions of curing {unknown}
 j - a potion of degeneration {unknown}
 p - a potion of poison {unknown}
 v - a potion of agility {unknown}
Comestibles
 g - 3 bread rations
 l - a meat ration
 m - a slice of pizza
 r - a beef jerky
 t - 3 chunks of flesh


   Skills:
 + Level 2.4 Fighting
 + Level 2.2 Short Blades
 - Level 1.7 Throwing
 * Level 2.6 Dodging
 + Level 6.8 Stealth


You had 4 spell levels left.
You didn't know any spells.

Dungeon Overview and Level Annotations

Branches:
Dungeon (5/15)             Temple (1/1) D:4

Altars:
Ashenzari
Cheibriados
Dithmenos
Elyvilon
Fedhas
Kikubaaqudgha
Nemelex Xobeh
Okawaru
Qazlal
Ru
Sif Muna
Trog
Vehumet
Xom
Yredelemnul
Zin
The Shining One

Annotations:
D:4 DeXoteric's ghost, amateur GrVM


Innate Abilities, Weirdness & Mutations

You have extremely sharp teeth.
Your natural rate of healing is unusually fast.
When hurt, damage is shared between your health and your magic reserves.
Your bite disrupts and absorbs the magic of your enemies.
Potions and wands cannot restore your health.
You are immune to rotting.


Message History

The orc is almost dead.
The orc barely misses you.
You hit the orc but do no damage. Your bite misses the orc.
The orc is almost dead.
The orc priest invokes the aid of Beogh against you.
Something smites you!
* * * LOW HITPOINT WARNING * * *
The orc misses you.
You hit the orc.
You kill the orc!
Dithmenos accepts your kill.
You hit the orc priest.
You bite the orc priest, but do no damage.
The orc priest is moderately wounded.
The orc priest completely misses you.
You hit the orc priest.
The orc priest is heavily wounded.
The orc priest invokes the aid of Beogh against you.
Something smites you!
You die...

.. .. #. ###. ###
... #!# #?# #.##
######.# #.#.
#..(o@.# ##.#>
#.####.# ####..>#
#.########.......
#>.........####.#
########## #.#
#.# #.# #.# #.#


You could see an orc priest.

Vanquished Creatures
  A centaur (D:5)
  A worker ant (D:5)
  2 adders (D:3)
  2 oozes
  A worm (D:4)
  3 giant geckos
  3 orcs (D:3)
  6 bats
  2 giant cockroaches (D:1)
  5 hobgoblins
  2 jackals (D:1)
  8 kobolds
  2 ball pythons
  7 giant newts
  9 goblins
  6 quokkas
  3 rats
63 creatures vanquished.

Vanquished Creatures (others)
  An adder (D:2)
1 creature vanquished.

Grand Total: 64 creatures vanquished

Notes
Turn   | Place    | Note
--------------------------------------------------------------
     0 | D:1      | Flanowski the Vine Stalker Assassin began the quest for the Orb.
     0 | D:1      | Reached XP level 1. HP: 11/11 MP: 2/2
    17 | D:1      | Reached skill level 1 in Dodging
    17 | D:1      | Reached skill level 5 in Stealth
    19 | D:1      | Reached XP level 2. HP: 13/15 MP: 1/3
   313 | D:1      | Reached XP level 3. HP: 12/18 MP: 1/4
   968 | D:2      | Found an ancient bone altar of Kikubaaqudgha.
  1068 | D:2      | Found a radiant altar of Vehumet.
  1347 | D:3      | Reached XP level 4. HP: 21/23 MP: 5/5
  1352 | D:3      | Reached skill level 6 in Stealth
  1579 | D:3      | You fall through a shaft for 2 floors!
  1579 | D:5      | Entered Level 5 of the Dungeon
  1647 | D:5      | Noticed a centaur
  1649 | D:5      | Killed a centaur
  1649 | D:5      | Reached XP level 5. HP: 27/27 MP: 6/6
  1724 | D:4      | Found a staircase to the Ecumenical Temple.
  1736 | Temple   | Entered the Ecumenical Temple
  1759 | Temple   | Became a worshipper of Dithmenos the Shadowed
  1782 | D:4      | Noticed DeXoteric's ghost (amateur GrVM)
  1836 | D:3      | Killed from afar by an orc priest

Action                   |  1- 3 |  4- 6 || total
-------------------------+-------+-------++-------
Melee: Dagger            |   121 |    59 ||   180
  Use: Scroll            |     2 |       ||     2
 Stab: Sleeping          |    15 |     2 ||    17
  Eat: Chunk             |     1 |     2 ||     3
